AoeStats
← Iguano Pop

Scandinavia

510420965Analyzed
1v1 RM · 15h ago on Sep 30, 2026· 37m 56s· 2 players
Game mode
Random Map
Map size
Tiny (2 player)
Population
200
Speed
Normal
Resources
Standard
Victory
Conquest
Starting age
Dark Age
Ending age
Imperial Age
RankedLock teamsTeams togetherTeam positionsShared explorationLock speedFull tech treeHidden civsTurbo modeCheats
Victory
Defeat
🇲🇽 Bengalis · Mexico
1348
+16
🇺🇸 Romans · United States
1348
-16
Iguano Pop
10:10 Loom
11:56 Feudal Age
13:03 Double-Bit Axe
17:34 Castle Age
15:51 Padded Archer Armor
17:25 Fletching
17:37 Crossbowman
24:43 Gold Mining
27:31 Ballistics
27:07 Bodkin Arrow
32:51 Imperial Age
32:11 Wheelbarrow
31:22 Town Watch
32:36 Gold Shaft Mining
31:53 Stone Mining
33:44 Bracer
33:47 Arbalester
34:46 Elite Elephant Archer
35:42 Leather Archer Armor
36:30 Chemistry
37:52 Conscription
36:54 Arbalester
38:05 Ring Archer Armor
Forkan Rick
2:50 Loom
11:42 Feudal Age
13:08 Man-at-Arms
15:33 Scale Mail Armor
21:28 Wheelbarrow
20:45 Horse Collar
20:52 Double-Bit Axe
23:46 Castle Age
24:06 Fletching
24:16 Padded Archer Armor
23:57 Long Swordsman
24:44 Padded Archer Armor
24:25 Elite Skirmisher
25:20 Bodkin Arrow
28:38 Squires
28:57 Chain Mail Armor
28:57 Leather Archer Armor
31:19 Forging
34:12 Imperial Age
32:13 Fishing Lines
34:16 Wheelbarrow
35:43 Ballistics
36:27 Chemistry
37:36 Bow Saw
Connection lost

Rejoining the realm…

Still unreachable

The connection could not be restored.

Session expired

The server has moved on; the page needs a fresh start.